 Dungeon Crawl Stone Soup version 0.29-a0-11-ga75d3d97ab (webtiles) character file.

Game seed: 10538115192457219672

131 garo1102 the Digger (level 5, -4/30 HPs)
             Began as a Gargoyle Earth Elementalist on Jan 28, 2022.
             Killed from afar by Natasha (7 damage)
             ... with a magic dart
             ... on level 2 of the Dungeon.
             The game lasted 00:08:02 (2084 turns).

garo1102 the Digger (Gargoyle Earth Elementalist)   Turns: 2084, Time: 00:08:02

Health: -4/30      AC:  6    Str: 11    XL:     5   Next: 14%
Magic:  9/9        EV: 11    Int: 18    God:
Gold:   60         SH:  0    Dex: 10    Spells: 6/10 levels left

rFire   . . .      SeeInvis .   f - +0 dagger
rCold   . . .      Faith    .   (no shield)
rNeg    + . .      Spirit   .   b - +0 robe
rPois   ∞          Reflect  .   (no helmet)
rElec   +          Harm     .   (no cloak)
rCorr   .          Rampage  .   (no gloves)
Will    .....                   (no boots)
Stlth   ++........              (no amulet)
HPRegen 0.10/turn               (no ring)
MPRegen 0.11/turn               (no ring)

@: slowed, very slow
A: sickness immunity, AC +4, negative energy resistance 1, electricity
resistance, torment resistance 1, petrification resistance
a: no special abilities


You were on level 2 of the Dungeon.
You visited 1 branch of the dungeon, and saw 2 of its levels.

You collected 60 gold pieces.

Inventory:

Hand Weapons
 f - a +0 dagger (weapon)
Armour
 b - a +0 robe (worn)
Scrolls
 a - a scroll of teleportation {unknown}
 e - a scroll of identify {unknown}
Potions
 c - 2 potions of curing {unknown}
 d - a potion of attraction {unknown}
 g - a potion of might {unknown}
 h - a potion of flight {unknown}
 i - 2 potions of mutation {unknown}
 j - 2 potions of heal wounds {unknown}
 l - a potion of lignification {unknown}


   Skills:
 + Level 2.0 Fighting
 - Level 1.5 Dodging
 + Level 3.3 Stealth
 * Level 3.1 Spellcasting
 - Level 0.7 Transmutations
 + Level 4.8 Earth Magic


You had 6 spell levels left.
You knew the following spells:

 Your Spells              Type           Power      Damage    Failure   Level
a - Sandblast             Erth           40%        2d10      2%          1
b - Stone Arrow           Conj/Erth      22%        3d8       19%         3

Your spell library contained the following spells:

 Spells                   Type           Power      Damage    Failure   Level
 Passwall                 Tmut/Erth      10%        N/A       8%          2
 Petrify                  Tmut/Erth      12%        N/A       45%         4


Dungeon Overview and Level Annotations

Branches:
Dungeon (2/15)

Altars:

Annotations:
D:2 Natasha


Innate Abilities, Weirdness & Mutations

You are immune to sickness and miasma.
Your stone body is resilient. (AC +4)
You are immune to poison.
You resist negative energy. (rN+)
You are resistant to electric shocks. (rElec)
You are resistant to unholy torment.
You are immune to petrification.


Message History

You hit Natasha but do no damage.
Natasha is lightly wounded.
Natasha claws you but does no damage.
You miss Natasha.
Natasha is lightly wounded.
Natasha claws you.
You barely miss Natasha.
Natasha is lightly wounded.
Natasha casts a spell at you.
You feel yourself slow down.
You barely miss Natasha.
Natasha is lightly wounded.
Natasha mumbles some strange words.
You hit Natasha.
Natasha is moderately wounded.
Natasha barely misses you. Natasha claws you but does no damage.
You hit Natasha.
Natasha is moderately wounded.
Natasha claws you.
You barely miss Natasha.
Natasha is moderately wounded.
The shadow imp hits you. Natasha closely misses you.
The shadow imp completely misses you. Natasha barely misses you.
You completely miss Natasha.
Natasha is moderately wounded.
The shadow imp hits you. Natasha claws you.
You hit Natasha but do no damage.
Natasha is moderately wounded.
The shadow imp hits you.
* * * LOW HITPOINT WARNING * * *
Natasha barely misses you. The shadow imp barely misses you.
Natasha stares at you and mumbles some strange words.
The magic dart hits you.
* * * LOW HITPOINT WARNING * * *
Natasha casts a spell at you. You resist with some effort.
The shadow imp hits you but does no damage.
Natasha casts a spell at you. The magic dart hits you!
You die...

#.........#.# ##.####.# ##.#
########.#.## #...###.# #..#
#)### #.....#.####.### #####
#.########...#.#.#....... ##...##
#..............#.#.##.##. #.###.#
########.........#.##.##. ..#
#.##### #.####............
#.###.....#### #.##...#.##.##.##.
##...#.......# #@#......##.>.....
######.##.##.# #.......######.##.
.......##.##.# ###5h.### #.##.
.####..##.##.# #...# #..#.
.#.<...##.##.# #...#########.##
>#.#.........# #...#.......#.#
...#..##..########...#.#####.#.#
...#......#.........<........#.##
#######......................#..#


You could see Natasha and a shadow imp (summoned).

Vanquished Creatures
  Natasha (twice) (D:2)
  Terence (D:2)
  2 worms (D:2)
  2 dart slugs (D:1)
  7 ball pythons
  4 endoplasms
  2 giant cockroaches
  2 goblins (D:2)
  5 hobgoblins
  4 jackals (D:1)
  4 quokkas
  4 bats (D:2)
  A frilled lizard (D:2)
  4 kobolds
  4 rats
48 creatures vanquished.

Vanquished Creatures (others)
  4 fungi (D:2)
  6 plants (D:2)
10 creatures vanquished.

Grand Total: 58 creatures vanquished

Notes
Turn   | Place    | Note
-------+----------+-------------------------------------------
     0 | D:1      | garo1102 the Gargoyle Earth Elementalist began the quest
                  | for the Orb.
     0 | D:1      | Reached XP level 1. HP: 10/10 MP: 3/3
   113 | D:1      | Reached XP level 2. HP: 15/16 MP: 0/5
   182 | D:1      | Reached skill level 4 in Earth Magic
   527 | D:1      | Reached skill level 1 in Fighting
   597 | D:1      | Reached XP level 3. HP: 20/20 MP: 3/6
  1186 | D:2      | Noticed Natasha
  1194 | D:2      | Killed Natasha
  1195 | D:2      | Reached XP level 4. HP: 21/25 MP: 1/7
  1219 | D:2      | Noticed Natasha
  1263 | D:2      | Killed Natasha
  1283 | D:2      | Noticed Natasha
  1470 | D:2      | Learned a level 3 spell: Stone Arrow
  1821 | D:2      | Noticed Terence
  1834 | D:2      | Killed Terence
  1835 | D:2      | Reached XP level 5. HP: 30/30 MP: 6/9
  1868 | D:2      | Found a faded altar of an unknown god.
  2084 | D:2      | Killed from afar by Natasha

Illustrated notes

Levels and vault maps discovered:
D:1:      beargit_arrival_greenhouse, layout_basic
D:2:      layout_loops_cross, dreamdust_ecumenical_altar_grove, uniq_terence,
          uniq_natasha

Skill      XL: |  1  2  3  4 |
---------------+-------------+-----
Earth Magic    | 4 |  4.8
Fighting       | 1 2 |  2.0
Stealth        | 3 |  3.3
Spellcasting   | 3 |  3.1
Dodging        | |  1.5
Transmutations | |  0.7

Action                   |  1- 3 |  4- 6 || total
-------------------------+-------+-------++-------
Melee: Unarmed           |     4 |       ||     4
       Dagger            |       |    87 ||    87
 Cast: Sandblast         |    45 |     8 ||    53
 Stab: Sleeping          |       |     3 ||     3
       Distracted        |       |     2 ||     2
Armor: Robe              |     6 |    40 ||    46
Dodge: Dodged            |     9 |    75 ||    84

Table legend: (Time is in decaauts)
 A = Elapsed time spent in this place.
 B = Non-inter-level travel time spent in this place.
 C = Inter-level travel time spent in this place.
 D = Time resting spent in this place.
 E = Time spent auto-exploring this place.
 F = Levels seen in this place.
 G = Mean time per level.
                   A        B        C        D        E       F      G
               +--------+--------+--------+--------+--------+-----+--------+
         Total |   2093 |   2065 |     28 |    358 |   1324 |   2 | 1046.5 |
       Dungeon |   2093 |   2065 |     28 |    358 |   1324 |   2 | 1046.5 |
               +--------+--------+--------+--------+--------+-----+--------+

Top non-repeatable levels by time:
     D:2: 1129 daAuts
     D:1: 964 daAuts
